[Event "LEM Niedersachsen-Meister 2025"]
[Site "Verden"]
[Date "2025.01.02"]
[Round "2.10"]
[White "Pubantz, Jan"]
[Black "Sreyas Payyappat"]
[Result "1/2-1/2"]
[ECO "A62"]
[WhiteElo "2339"]
[BlackElo "2115"]
[Annotator "TA"]
[PlyCount "40"]
[EventDate "2024.12.27"]
[EventType "swiss"]
[EventCountry "GER"]
[SourceTitle "playchess.com"]
[Source "ChessBase"]
[SourceQuality "1"]
[TimeControl "40/5400+30:1800+30"]

1. d4 Nf6 2. c4 c5 3. d5 e6 4. Nc3 exd5 5. cxd5 d6 6. g3 g6 7. Bg2 Bg7 8. Nf3 O-O 9. O-O Re8 10. Bf4 Bf5 11. Nh4 Bg4 12. Qd2 b5 13. Nxb5 Rxe2 14. Qc1 $1 {[%emt 0:01:37][%cal Oh2h3] Strongly threatening h3!.} Ne4 15. Bxe4 Rxe4 16. Nxd6 Re7 17. Nc4 Re8 18. Nd6 {[%emt 0:06:34] Excellent horsemanship.} Re7 19. Nc4 (19. Qxc5 $5 Nd7 20. Qa3 $11) 19... Re8 20. Nd6 Re7 1/2-1/2

[Event "LEM Niedersachsen-Meister 2025"]
[Site "Verden"]
[Date "2025.01.02"]
[Round "2.11"]
[White "Knuedel, Torben"]
[Black "Celik, Abdullah"]
[Result "1-0"]
[ECO "B95"]
[WhiteElo "2308"]
[BlackElo "2032"]
[Annotator "TA"]
[PlyCount "43"]
[EventDate "2024.12.27"]
[EventType "swiss"]
[EventCountry "GER"]
[SourceTitle "playchess.com"]
[Source "ChessBase"]
[SourceQuality "1"]
[TimeControl "40/5400+30:1800+30"]

1. e4 c5 2. Nf3 d6 3. d4 cxd4 4. Nxd4 Nf6 5. Nc3 a6 6. Bg5 e6 7. Qf3 Nbd7 8. O-O-O Qc7 9. a3 h6 10. Bxf6 gxf6 (10... Nxf6 $11 {remains equal.} 11. g4 Be7) 11. Qh5 $16 Nb6 12. f4 {[%emt 0:06:23] White has more active pieces.} d5 13. exd5 $18 Qxf4+ (13... Bxa3 $142 14. Kb1 (14. Nxe6 $2 Qxc3 $19) (14. dxe6 Bxe6 15. Qf3 Rc8 $16) 14... exd5) 14. Kb1 Qg5 15. Qf3 Nxd5 (15... e5 $142) 16. Nxd5 Qxd5 17. Qxf6 Rg8 $2 {[%emt 0:12:31] [#]} (17... Rh7 18. Bb5+ axb5) 18. Bb5+ $1 axb5 {[%emt 0:07:19] [#]} 19. Nxb5 $1 {[%emt 0:01:27][%mdl 512] Hoping for Nc7+.} Be7 20. Nc7+ (20. Qxh6 $2 {perishes.} Qxb5 21. Rd3 Qg5 (21... Rxa3 $2 22. Qh7 $19) (21... Bxa3 $2 22. Rb3 $19) 22. Qxg5 Rxg5 $19) 20... Kd8 21. Nxd5 exd5 22. Qxf7 1-0

[Event "LEM Niedersachsen-Meister 2025"]
[Site "Verden"]
[Date "2025.01.02"]
[Round "2.12"]
[White "Kieselbach, Jannik"]
[Black "Bargsten, Justus"]
[Result "1/2-1/2"]
[ECO "C26"]
[WhiteElo "1979"]
[BlackElo "2228"]
[Annotator "TA"]
[PlyCount "158"]
[EventDate "2024.12.27"]
[EventType "swiss"]
[EventCountry "GER"]
[SourceTitle "playchess.com"]
[Source "ChessBase"]
[SourceQuality "1"]
[TimeControl "40/5400+30:1800+30"]

1. e4 e5 2. Nc3 Nf6 3. g3 c6 4. Bg2 d5 5. exd5 cxd5 6. Nge2 Nc6 7. O-O Bc5 8. d3 h6 9. Na4 Be7 10. d4 e4 11. b3 Bg4 12. Be3 O-O 13. Qd2 Rc8 14. h3 Bf5 (14... Bf3 $17 15. c4 dxc4 16. Bxf3 (16. bxc4 $2 Bxe2 17. Qxe2 Nxd4 $19) 16... exf3) 15. Rfd1 (15. c4 $15 {should be considered.}) 15... b6 $17 16. Kh2 Qd7 17. Bf1 Na5 18. Ng1 (18. Nc5 $17 Qc7 (18... bxc5 19. Qxa5 c4 20. Rab1 $17) 19. Bf4) 18... Nh7 (18... Nc4 $19 19. bxc4 Qxa4) 19. Ba6 Rc7 20. Bf4 Bd6 21. Bxd6 Qxd6 22. Rac1 Be6 23. c4 dxc4 24. d5 ({White should try} 24. Nc3 $15 e3 (24... cxb3 25. Nb5 $11) 25. Qxe3 cxb3 26. d5) 24... Bd7 $17 25. Nc3 f5 (25... cxb3 26. Nxe4 Qe5 27. f4 Rxc1 28. fxe5 $16) 26. Bxc4 (26. bxc4 $17 Nxc4 27. Nxe4 fxe4 28. Bxc4) 26... Nxc4 $19 27. bxc4 Rxc4 28. Nce2 Rfc8 29. Rxc4 Rxc4 30. Qb2 Qc5 31. Kg2 Nf6 32. Qe5 e3 33. Qxe3 Nxd5 (33... Qxe3 $19 34. fxe3 Rc2) 34. Qxc5 Rxc5 35. Kf1 (35. Rd2 $17 {is a better defense.}) 35... Bb5 $19 36. Ke1 Nc3 37. Rd8+ Kf7 38. Nxc3 Rxc3 39. Rd5 Ke6 40. Rxb5 Rc1+ 41. Kd2 Rxg1 42. Rb2 g5 43. Rb4 Ra1 44. a4 Ra3 45. Ke2 Kd6 46. h4 g4 47. Rf4 Ke5 48. Rb4 h5 49. Rb5+ Ke6 50. Rb4 Kd6 51. Rf4 Rf3 52. Rb4 {[%emt 0:00:00] [#]} (52. Rxf3 gxf3+ 53. Kxf3 Ke5 $19) 52... f4 ({Black should try} 52... Rc3 $1 $17 53. Rd4+ (53. Kd2 Rc5) 53... Ke6) 53. Rb5 $15 {[%emt 0:00:00] [#]} fxg3 (53... Ra3 $1 $17 54. Rxh5 Ra2+ (54... Rxa4 55. Rh6+ Ke5 56. gxf4+ Rxf4 57. Rg6 $11) (54... fxg3 55. fxg3 Rxa4 56. Rg5 $15) 55. Ke1 fxg3 (55... Rxa4 56. gxf4 Rxf4 57. Rg5 $17) 56. fxg3 Rxa4) 54. fxg3 $11 Ra3 55. Rxh5 Rxa4 56. Rg5 Ke6 57. Kd2 Kf6 58. Kc2 a6 59. Rg8 a5 60. Rg5 Rb4 61. Kc3 b5 62. Rh5 Rb1 63. Kc2 Rb4 64. Kc3 $1 Ke6 65. Rg5 Kf6 66. Rh5 Kg6 67. Rg5+ Kh6 68. Rf5 Rb1 69. Kc2 Rg1 70. Rxb5 Rxg3 (70... a4 $5 71. Rb6+ $8 Kh7 $11) 71. Rxa5 Rh3 72. Kd2 Rxh4 73. Ke3 Rh5 74. Rxh5+ Kxh5 75. Kf2 Kh4 76. Kg2 g3 77. Kg1 Kh3 78. Kh1 g2+ 79. Kg1 Kg3 1/2-1/2

[Event "LEM Niedersachsen-Meister 2025"]
[Site "Verden"]
[Date "2025.01.02"]
[Round "2.13"]
[White "Schiller, Jan-Hendrik"]
[Black "Lichtmannecker, Daniel"]
[Result "0-1"]
[ECO "E08"]
[WhiteElo "1952"]
[BlackElo "2171"]
[Annotator "TA"]
[PlyCount "126"]
[EventDate "2024.12.27"]
[EventType "swiss"]
[EventCountry "GER"]
[SourceTitle "playchess.com"]
[Source "ChessBase"]
[SourceQuality "1"]
[TimeControl "40/5400+30:1800+30"]

1. d4 Nf6 2. c4 e6 3. Nf3 d5 4. g3 Bb4+ 5. Bd2 Be7 6. Bg2 O-O 7. O-O Nbd7 8. Qc2 Ne4 9. Bf4 c6 10. Rc1 g5 11. Bd2 f5 12. Be1 {[%emt 0:06:03] The position is equal.} Bf6 13. e3 Qe8 14. Nc3 Nd6 15. Nd2 Qh5 16. Bf3 g4 17. Bg2 Bg7 18. Ne2 Nf6 19. Nf4 $36 {[%emt 0:05:21][%mdl 2048] White has good play.} Qg5 20. b3 Nh5 21. Nd3 Rf6 22. Ne5 Rh6 23. Nf1 Ne4 24. Rab1 Nhf6 {[%emt 0:04:36] [#]} (24... Qe7 $11 {keeps the balance.}) 25. Ba5 (25. cxd5 $1 $16 exd5 26. Nxc6 bxc6 27. Qxc6) 25... Bd7 26. Bc7 Rc8 27. Ba5 Be8 28. Qe2 Qh5 29. Nd3 Ng5 30. Nf4 Qf7 31. Be1 Nfe4 32. Nd2 Nf6 33. Nf1 Qd7 34. Nd2 Bf7 35. Nd3 Nh3+ 36. Kh1 Qe8 37. Ne5 Kh8 (37... Ng5 $11) 38. b4 $14 Nd7 39. Nd3 (39. f4 $16) 39... e5 $11 40. dxe5 Nxe5 (40... dxc4 {seems wilder.} 41. Nxc4 Bxc4 42. Rxc4 Qh5) 41. cxd5 (41. Nxe5 {is more complex.} Qxe5 42. b5 dxc4 43. Nxc4 Qe8 44. Na5) 41... Bxd5 (41... Nxd3 {feels hotter.} 42. Qxd3 Rd8 43. Qxf5 Rf6) 42. Bxd5 cxd5 (42... Nxd3 $5 43. Qxd3 Qh5 $11) 43. Nxe5 Bxe5 44. b5 {[%emt 0:02:15] Inhibits Rhc6.} (44. Qd3 $11 Rd8 45. Qxf5) 44... Bc3 (44... Rd8 $15 45. Qd3 Qh5) 45. Qd3 Bxd2 {[%emt 0:10:09] [#]} (45... d4 $1 $11) 46. Rxc8 $2 (46. Qd4+ $1 $18 Kg8 47. Qxd5+ (47. Bxd2 Rxc1+ 48. Rxc1 Nxf2+ 49. Kg2 Qe4+ 50. Qxe4 Nxe4 $11) 47... Kh8 48. Rxc8 (48. Bxd2 Rxc1+ 49. Rxc1 Qe4+ 50. Qxe4 Nxf2+ 51. Kg2 Nxe4 $16) 48... Qxc8 49. Bxd2 (49. Qxd2 Qc4 $16)) 46... Qxc8 47. Qd4+ Kg8 48. Bxd2 {[%emt 0:03:00] aiming for Bc3.} Nxf2+ 49. Kg2 Ne4 {[%emt 0:00:18] Repels Bc3. Threatening ...Qc4. The board is on fire.} 50. Qxd5+ Qe6 51. Qd8+ ({Better is} 51. Qxe6+ $1 $11 Rxe6 52. Bb4) 51... Kf7 {[%emt 0:00:44] Black is more active.} ({Black should try} 51... Kg7 $1 $15 52. Rc1 Rf6 53. Rc7+ Rf7) 52. Rc1 Qd6 $2 (52... Rf6 $11 {and Black is okay.}) 53. Rc7+ $18 Ke6 $2 (53... Kg6 54. Qxd6+ Nxd6) 54. Qe8+ $2 (54. Qg8+ $18 {is the precise move to win.} Ke5 55. Qg7+ (55. Rxb7 $2 Qxd2+ 56. Kg1 Qxh2+ 57. Kf1 Qf2#) 55... Rf6 56. Re7+ Kd5 57. Rd7 Nxd2 58. Rxd6+ Rxd6 59. Qxb7+ (59. Qxh7 Ke6 $18) 59... Ke6 60. h3 (60. Qxh7 Nf3 $11)) 54... Kf6 $16 55. Rd7 $2 {[%emt 0:02:31][%mdl 8192] [#]} (55. Rxb7 $2 Qxd2+ 56. Kg1 Qf2+ 57. Kh1 Nxg3#) (55. Bc3+ $16 Kg5 56. Qg8+ (56. Rxb7 Rxh2+ 57. Kf1 Qd1+ 58. Be1 Rf2+ 59. Kg1 Qxe1#) 56... Kh5 57. Rg7 (57. Rxb7 $2 Nxc3 58. Qe8+ Qg6 $19)) 55... Rxh2+ $3 {[%emt 0:01:05][%mdl 512] Black mates.} 56. Kf1 Nxd2+ 57. Ke1 Qxg3+ 58. Kd1 Qg1+ 59. Kc2 Qb1+ 60. Kc3 Qc1+ ({Inferior is} 60... Qxa2 61. Qe7+ Kg6 62. Rd6+ (62. Rxb7 $2 {leads to mate.} Qc4+ 63. Kb2 Nf3+ 64. Kb1 Qf1#) (62. Qd6+ Qe6 63. Qxe6+ Kg5 64. Qe7+ Kh5 65. Qxh7+ Kg5 66. Rg7+ Kf6 67. Rf7+ Ke6 68. Qxf5+ Kd6 69. Rd7#) (62. Rxb7 $2 Qc4+ 63. Kb2 Nf3+ 64. Kb1 Qf1#) (62. Qd6+ Qe6 63. Qxe6+ Kg5 64. Qe7+ Kh5 65. Qxh7+ Kg5 66. Rg7+ Kf6 67. Rf7+ Ke6 68. Qxf5+ Kd6 69. Rd7#)) 61. Kb4 Qc4+ 62. Ka5 Qxa2+ 63. Kb4 Qc4+ {[%emt 0:00:20] Weighted Error Value: White=0.43/Black=0.32.  Loses game:     	White=1     	Black=2      Missed win:     	White=2     	---        Mistake:       	White=4     	Black=5      Inaccurate:     	White=5     	Black=6      OK:         	White=16    	Black=9      Best:        	White=2     	Black=4      Brilliant:      	---       	Black=1} 0-1

[Event "LEM Niedersachsen-Meister 2025"]
[Site "Verden"]
[Date "2025.01.02"]
[Round "2.14"]
[White "Meiwes, Thore"]
[Black "Gaertner, Alessandro"]
[Result "1-0"]
[ECO "E99"]
[WhiteElo "2120"]
[BlackElo "1970"]
[Annotator "TA"]
[PlyCount "173"]
[EventDate "2024.12.27"]
[EventType "swiss"]
[EventCountry "GER"]
[SourceTitle "playchess.com"]
[Source "ChessBase"]
[SourceQuality "1"]
[TimeControl "40/5400+30:1800+30"]

1. d4 Nf6 2. Nf3 g6 3. c4 Bg7 4. Nc3 O-O 5. e4 d6 6. Be2 e5 7. O-O Nc6 8. d5 Ne7 9. Ne1 Nd7 10. f3 a5 11. Be3 f5 12. g4 Nf6 13. Nd3 b6 14. a3 h6 15. h4 Bd7 16. b3 Qc8 17. Nf2 f4 18. Bd2 Nh7 19. Nd3 Qd8 20. Be1 Kh8 21. Kg2 Ng8 22. Rh1 Rf7 23. Bf2 Qe7 24. b4 Raf8 25. Kg1 Ngf6 26. Bf1 Kg8 27. c5 bxc5 28. bxc5 h5 $2 (28... Nxg4 $16 29. fxg4 f3) 29. g5 $18 Ng4 30. fxg4 hxg4 31. cxd6 (31. c6 $18 Bc8 32. Be1) 31... cxd6 $16 32. Be1 Bc8 33. Nb5 g3 34. Qf3 (34. Bxa5 $6 f3 $16) 34... Ba6 (34... Bh6 {might work better.} 35. gxh6 Nf6) 35. a4 $18 Rb8 36. Bh3 Nf8 37. Kg2 Bb7 38. Nc3 Qc7 39. Rc1 Qb6 (39... Qc4 $142 40. Rb1 Rd8) 40. Nb5 $18 Re8 41. Nc3 $2 (41. Bxg3 $18 fxg3 42. Qxg3) 41... Rc7 $2 (41... Rb8 $1 $11 {and Black is okay.} 42. Nb5 Qd8) 42. Bd2 $18 Ba6 43. Nb5 Bxb5 44. axb5 Rxc1 45. Rxc1 (45. Nxc1 Qxb5 46. Bg4 Qb6 $16) 45... Qxb5 46. Ne1 a4 47. Qf1 Qb2 48. Rc2 Qd4 49. Qe2 Rb8 50. Nf3 Qa7 51. Bc1 a3 (51... Rb3 $142 52. Be6+ Nxe6 53. dxe6 Bf8) 52. Ra2 $18 Rb3 {[%emt 0:02:25] [#]} 53. Qc2 $1 (53. Qc4 $2 Rb2+ 54. Bxb2 (54. Rxb2 $2 axb2 55. Bxb2 Qf2+ 56. Kh1 Qxf3+ 57. Bg2 Qg4 $19) 54... Qf2+ 55. Kh1 axb2 $19) 53... Qb6 54. Rxa3 Rb1 55. Ra2 Qb4 56. Ba3 Qb5 57. Qe2 $1 (57. Bxd6 $2 Qf1#) 57... Qb6 58. Rb2 Rxb2 59. Bxb2 (59. Qxb2 Qa6 60. Bg4 Kh7 $18) 59... Qa7 (59... Qb3 $142 60. h5 gxh5) 60. Nd2 $18 Nd7 61. Be6+ Kf8 62. Bxd7 Qxd7 63. Ba3 Kf7 64. Nc4 Bf8 65. h5 Be7 66. h6 Kg8 67. Qd1 Qa7 $2 (67... Kh7 68. Qe2 Qb5) 68. Qc2 $18 (68. Bxd6 $2 {gets mated.} Qf2+ 69. Kh3 Qh2+ 70. Kg4 Qh5#) 68... f3+ 69. Kxf3 ({Less strong is} 69. Kxg3 Qg1+ 70. Kxf3 Qf1+ 71. Qf2 Qxc4 $11) 69... Bxg5 70. Bxd6 Qg1 71. Bxe5 g2 72. Qxg2 Qd1+ 73. Kg3 Qd3+ 74. Kh2 Qxc4 75. Qxg5 Qe2+ 76. Qg2 Qh5+ 77. Kg1 Qd1+ 78. Kf2 Kh7 79. Bf4 Qc2+ 80. Kg3 Qc3+ 81. Qf3 Qe1+ 82. Kg4 Qg1+ 83. Qg3 Qd1+ 84. Kg5 Qe2 85. Be3 Qc2 86. Kf6 Qb2+ 87. Qe5 1-0

[Event "LEM Niedersachsen-Meister 2025"]
[Site "Verden"]
[Date "2025.01.02"]
[Round "2.15"]
[White "Garbuszus, Juergen"]
[Black "de Vries, Carsten"]
[Result "1/2-1/2"]
[ECO "D37"]
[WhiteElo "2068"]
[BlackElo "1898"]
[Annotator "NA RC"]
[PlyCount "73"]
[EventDate "2024.12.27"]
[EventType "swiss"]
[EventCountry "GER"]
[SourceTitle "playchess.com"]
[Source "ChessBase"]
[SourceQuality "1"]
[TimeControl "40/5400+30:1800+30"]

1. d4 d5 2. c4 e6 3. Nc3 Nf6 4. Nf3 a6 5. cxd5 exd5 6. Bg5 Be6 7. e3 h6 8. Bh4 Be7 9. Bd3 Nbd7 10. Rc1 O-O 11. O-O Rc8 12. Bb1 c5 13. dxc5 Nxc5 14. Nd4 Qd7 15. f3 b5 16. b4 Nb7 17. a3 Nd6 18. Qd3 g6 19. Nxe6 Qxe6 20. Bxf6 Bxf6 21. Nxd5 Bb2 22. Rc7 Nf5 23. e4 Rxc7 24. exf5 Qd6 25. fxg6 Rd8 26. g7 Bxg7 27. Qh7+ Kf8 28. Nxc7 Qxc7 29. Re1 Qc3 30. Qe4 Bf6 31. Ba2 Qxa3 32. Bd5 Qc3 33. Kf1 Qd4 34. Bb7 Qxe4 35. fxe4 Be5 36. Bxa6 Bxh2 37. Bxb5 1/2-1/2